[ PARTIDA AOE2 · #465745805 ]
Team RMBengalíes vs Tupi
[ ANÁLISIS DE REPETICIÓN · EXTRAÍDO DE LA PARTIDA GRABADA ]
Feudal
14:31
Castillos
21:47
Imperial
35:48
| APM promedio | 20.6 |
| APM pico | 71 |
| eAPM promedio | 12.7 |
| Aldeanos / militares | 102 / 72 |
Foco
⚔️ 24.6% · 🌾 75.4%
Battle Elephant ×63 · Trade Cart ×8 · Mangonel ×4 · Armored Elephant ×3 · Trebuchet (Packed) ×2
Feudal
15:16
Castillos
37:07
Imperial
50:20
| APM promedio | 22.1 |
| APM pico | 61 |
| eAPM promedio | 17.6 |
| Aldeanos / militares | 149 / 659 |
Foco
⚔️ 64.4% · 🌾 35.6%
Spearman ×211 · Skirmisher ×168 · Kipchak ×159 · Scout Cavalry ×86 · Unknown (1260) ×23 · Archer ×13
Feudal
14:59
Castillos
23:25
Imperial
39:41
| APM promedio | 14.9 |
| APM pico | 162 |
| eAPM promedio | 12.9 |
| Aldeanos / militares | 91 / 6 |
Foco
⚔️ 45.3% · 🌾 54.7%
Unknown (2550) ×130 · Unknown (2582) ×119 · Unknown (2579) ×88 · Trade Cart ×29 · Trebuchet (Packed) ×5 · Monk ×1
Feudal
14:33
Castillos
24:23
Imperial
37:16
| APM promedio | 10.9 |
| APM pico | 70 |
| eAPM promedio | 9.7 |
| Aldeanos / militares | 95 / 308 |
Foco
⚔️ 58.0% · 🌾 42.0%
Chu Ko Nu ×199 · Militia ×72 · Iron Pagoda ×36 · Trade Cart ×5 · Monk ×1
Feudal
17:15
Castillos
23:09
Imperial
38:30
| APM promedio | 13.1 |
| APM pico | 47 |
| eAPM promedio | 8.7 |
| Aldeanos / militares | 103 / 496 |
Foco
⚔️ 40.2% · 🌾 59.8%
Skirmisher ×270 · Mameluke ×119 · Hand Cannoneer ×50 · Trade Cart ×47 · Archer ×43 · Unknown (1260) ×15
Feudal
14:06
Castillos
23:55
Imperial
39:31
| APM promedio | 15.2 |
| APM pico | 76 |
| eAPM promedio | 13.4 |
| Aldeanos / militares | 98 / 511 |
Foco
⚔️ 65.6% · 🌾 34.4%
Archer ×288 · Knight ×145 · War Elephant ×41 · Spearman ×23 · Trade Cart ×19 · Bombard Cannon ×14
Mapa de la partida
Recursos al inicio + cada clic de construcción. Línea gruesa = muro · recuadro discontinuo = muro de casas detectado. 🟡 oro · ⚪ piedra · 🟢 bayas · 🔶 jabalí · ⭕ reliquia
Tu base· Abierta — flanco sin cerrar
Base de RonCuro· ✓ Cerrada en 37:07 · 0t muro
Base de Mr:YOX· ✓ Cerrada en 23:25 · 19t muro
Base de Sandra· ✓ Cerrada en 24:23 · 0t muro
Base de pablo.robledoo· Abierta — flanco sin cerrar
Base de aRiPeiCh· ✓ Cerrada en 23:55 · 45t muro · 1 puerta(s)
Terreno con relieve · ⚠ = hueco de muro detectado · pasá el cursor para detalles
Inputs por minuto
— ♰ O K A N - - RonCuro
Build order — ♰ O K A N
Primeras 150 de 378 acciones detectadas
| 0:14 | Construir | Palisade Wall |
| 0:17 | Investigar | Loom |
| 0:18 | Crear | Villager (Male) |
| 0:18 | Crear | Villager (Male) |
| 0:18 | Crear | Villager (Male) |
| 0:19 | Crear | Villager (Male) |
| 0:19 | Crear | Villager (Male) |
| 2:12 | Construir | House |
| 2:13 | Construir | House |
| 2:15 | Construir | House |
| 2:17 | Construir | House |
| 2:23 | Construir | House |
| 3:43 | Construir | Palisade Wall |
| 4:33 | Crear | Villager (Male) |
| 4:34 | Crear | Villager (Male) |
| 4:43 | Crear | Villager (Male) |
| 5:12 | Crear | Villager (Male) |
| 5:50 | Crear | Villager (Male) |
| 5:50 | Crear | Villager (Male) |
| 6:20 | Crear | Villager (Male) |
| 7:11 | Crear | Villager (Male) |
| 7:11 | Crear | Villager (Male) |
| 7:12 | Crear | Villager (Male) |
| 7:45 | Construir | Lumber Camp |
| 8:15 | Crear | Villager (Male) |
| 8:15 | Crear | Villager (Male) |
| 8:16 | Crear | Villager (Male) |
| 9:14 | Crear | Villager (Male) |
| 9:15 | Crear | Villager (Male) |
| 10:19 | Construir | Mill |
| 10:37 | Crear | Villager (Male) |
| 10:37 | Crear | Villager (Male) |
| 11:47 | Crear | Villager (Male) |
| 12:21 | Investigar | Feudal Age |
| 13:06 | Construir | Mining Camp |
| 14:31 | Edad | Edad Feudal |
| 14:32 | Construir | Farm |
| 14:32 | Construir | Farm |
| 14:32 | Construir | Farm |
| 14:58 | Construir | Market |
| 15:10 | Crear | Villager (Male) |
| 15:11 | Crear | Villager (Male) |
| 15:12 | Crear | Villager (Male) |
| 15:14 | Investigar | Double-Bit Axe |
| 16:50 | Construir | Mill |
| 16:53 | Crear | Villager (Male) |
| 16:53 | Crear | Villager (Male) |
| 17:00 | Crear | Villager (Male) |
| 17:51 | Construir | House |
| 17:52 | Construir | House |
| 17:52 | Construir | House |
| 17:52 | Construir | House |
| 17:53 | Construir | House |
| 17:54 | Construir | House |
| 18:00 | Construir | House |
| 18:21 | Construir | Blacksmith |
| 18:40 | Construir | Barracks |
| 19:07 | Investigar | Castle Age |
| 19:17 | Construir | Mining Camp |
| 20:09 | Investigar | Stone Mining |
| 20:10 | Investigar | Gold Mining |
| 21:10 | Construir | Stone Wall |
| 21:15 | Construir | Building 665 |
| 21:31 | Construir | Farm |
| 21:31 | Construir | Farm |
| 21:33 | Construir | Farm |
| 21:33 | Construir | Farm |
| 21:34 | Construir | Farm |
| 21:35 | Construir | Farm |
| 21:36 | Construir | Farm |
| 21:47 | Edad | Edad de los Castillos |
| 22:14 | Construir | Town Center |
| 22:55 | Crear | Villager (Male) |
| 22:55 | Crear | Villager (Male) |
| 22:55 | Crear | Villager (Male) |
| 22:56 | Crear | Villager (Male) |
| 23:06 | Crear | Villager (Male) |
| 23:06 | Crear | Villager (Male) |
| 23:16 | Crear | Villager (Male) |
| 23:32 | Investigar | Horse Collar |
| 23:52 | Investigar | Bow Saw |
| 24:20 | Crear | Villager (Male) |
| 24:23 | Construir | Farm |
| 24:25 | Crear | Villager (Male) |
| 24:25 | Crear | Villager (Male) |
| 24:27 | Crear | Villager (Male) |
| 24:39 | Construir | Mining Camp |
| 24:55 | Crear | Villager (Male) |
| 24:55 | Crear | Villager (Male) |
| 25:01 | Construir | Mining Camp |
| 25:13 | Crear | Trade Cart |
| 25:20 | Crear | Trade Cart |
| 25:29 | Investigar | Wheelbarrow |
| 26:21 | Construir | Stable |
| 26:24 | Construir | Stable |
| 26:29 | Construir | Stable |
| 26:45 | Construir | House |
| 26:45 | Construir | House |
| 26:46 | Construir | House |
| 26:46 | Construir | House |
| 26:50 | Construir | House |
| 26:53 | Investigar | Heavy Plow |
| 26:57 | Crear | Villager (Male) |
| 27:21 | Construir | Castle |
| 27:26 | Construir | Mining Camp |
| 28:17 | Construir | Market |
| 28:22 | Construir | Blacksmith |
| 28:29 | Construir | House |
| 28:29 | Construir | House |
| 28:30 | Construir | House |
| 28:30 | Construir | House |
| 28:33 | Construir | House |
| 28:33 | Construir | House |
| 28:34 | Construir | House |
| 28:36 | Construir | House |
| 28:37 | Construir | House |
| 28:37 | Construir | House |
| 28:45 | Crear | Villager (Male) |
| 28:45 | Crear | Villager (Male) |
| 28:45 | Crear | Villager (Male) |
| 28:47 | Construir | Farm |
| 28:47 | Construir | Farm |
| 28:47 | Construir | Farm |
| 28:48 | Construir | Farm |
| 28:54 | Crear | Villager (Male) |
| 28:54 | Crear | Villager (Male) |
| 29:05 | Crear | Villager (Male) |
| 29:05 | Crear | Villager (Male) |
| 29:09 | Investigar | Gold Shaft Mining |
| 30:08 | Construir | Siege Workshop |
| 30:10 | Construir | Siege Workshop |
| 30:20 | Construir | Siege Workshop |
| 30:29 | Construir | Stable |
| 30:33 | Construir | Stable |
| 30:41 | Crear | Villager (Male) |
| 30:41 | Crear | Villager (Male) |
| 30:53 | Crear | Villager (Male) |
| 31:21 | Construir | Town Center |
| 31:30 | Investigar | Coinage |
| 31:32 | Crear | Trade Cart |
| 31:32 | Crear | Trade Cart |
| 32:14 | Construir | House |
| 32:15 | Construir | House |
| 32:38 | Investigar | Imperial Age |
| 32:50 | Construir | Lumber Camp |
| 33:05 | Crear | Villager (Male) |
| 33:05 | Crear | Villager (Male) |
| 33:24 | Crear | Villager (Male) |
| 33:25 | Crear | Villager (Male) |
| 33:38 | Crear | Villager (Male) |
Build order — RonCuro
Primeras 150 de 1045 acciones detectadas
| 0:09 | Construir | House |
| 0:10 | Construir | House |
| 0:11 | Construir | House |
| 0:11 | Construir | House |
| 0:15 | Crear | Villager (Male) |
| 0:15 | Investigar | Loom |
| 0:16 | Crear | Villager (Male) |
| 0:16 | Crear | Villager (Male) |
| 0:16 | Crear | Villager (Male) |
| 0:16 | Crear | Villager (Male) |
| 0:16 | Crear | Villager (Male) |
| 2:48 | Crear | Villager (Male) |
| 2:48 | Crear | Villager (Male) |
| 2:48 | Crear | Villager (Male) |
| 2:48 | Crear | Villager (Male) |
| 2:56 | Construir | Mill |
| 3:06 | Crear | Villager (Male) |
| 3:07 | Crear | Villager (Male) |
| 3:53 | Crear | Villager (Male) |
| 4:16 | Crear | Villager (Male) |
| 4:17 | Crear | Villager (Male) |
| 4:17 | Crear | Villager (Male) |
| 5:02 | Crear | Villager (Male) |
| 5:26 | Crear | Villager (Male) |
| 5:53 | Crear | Villager (Male) |
| 6:11 | Crear | Villager (Male) |
| 6:25 | Construir | House |
| 6:26 | Construir | House |
| 6:29 | Crear | Villager (Male) |
| 6:32 | Crear | Villager (Male) |
| 6:48 | Crear | Villager (Male) |
| 6:48 | Crear | Villager (Male) |
| 6:48 | Crear | Villager (Male) |
| 7:21 | Crear | Villager (Male) |
| 7:21 | Crear | Villager (Male) |
| 7:21 | Crear | Villager (Male) |
| 7:22 | Crear | Villager (Male) |
| 7:29 | Construir | House |
| 7:30 | Construir | House |
| 7:51 | Crear | Villager (Male) |
| 7:51 | Crear | Villager (Male) |
| 7:51 | Crear | Villager (Male) |
| 8:25 | Construir | Lumber Camp |
| 8:44 | Crear | Villager (Male) |
| 9:42 | Construir | House |
| 9:43 | Construir | House |
| 10:16 | Construir | Mill |
| 10:20 | Crear | Villager (Male) |
| 10:56 | Construir | Farm |
| 10:59 | Construir | Farm |
| 11:01 | Crear | Villager (Male) |
| 11:13 | Crear | Villager (Male) |
| 11:29 | Construir | Farm |
| 11:48 | Crear | Villager (Male) |
| 11:59 | Construir | Mining Camp |
| 12:06 | Crear | Villager (Male) |
| 12:25 | Crear | Villager (Male) |
| 12:37 | Investigar | Feudal Age |
| 12:49 | Construir | Mining Camp |
| 12:58 | Crear | Villager (Male) |
| 12:58 | Crear | Villager (Male) |
| 12:58 | Crear | Villager (Male) |
| 12:59 | Crear | Villager (Male) |
| 12:59 | Crear | Villager (Male) |
| 12:59 | Crear | Villager (Male) |
| 12:59 | Crear | Villager (Male) |
| 12:59 | Crear | Villager (Male) |
| 13:53 | Crear | Villager (Male) |
| 13:53 | Crear | Villager (Male) |
| 13:53 | Crear | Villager (Male) |
| 13:53 | Crear | Villager (Male) |
| 13:54 | Crear | Villager (Male) |
| 13:54 | Crear | Villager (Male) |
| 13:54 | Crear | Villager (Male) |
| 14:01 | Construir | Farm |
| 14:05 | Construir | Farm |
| 14:13 | Crear | Villager (Male) |
| 15:16 | Edad | Edad Feudal |
| 15:21 | Investigar | Stone Mining |
| 15:24 | Investigar | Gold Mining |
| 15:27 | Investigar | Horse Collar |
| 15:46 | Construir | Mining Camp |
| 16:14 | Construir | Blacksmith |
| 16:33 | Investigar | Wheelbarrow |
| 16:34 | Crear | Villager (Male) |
| 16:34 | Crear | Villager (Male) |
| 16:34 | Crear | Villager (Male) |
| 16:34 | Crear | Villager (Male) |
| 16:50 | Construir | Lumber Camp |
| 17:05 | Construir | Farm |
| 17:10 | Investigar | Forging |
| 17:11 | Investigar | Scale Mail Armor |
| 17:23 | Construir | Farm |
| 17:30 | Construir | Watch Tower |
| 17:42 | Crear | Villager (Male) |
| 18:01 | Construir | Farm |
| 18:15 | Investigar | Fletching |
| 18:21 | Construir | Farm |
| 18:44 | Construir | Siege Workshop |
| 18:57 | Construir | Farm |
| 19:06 | Construir | Mill |
| 19:10 | Investigar | Padded Archer Armor |
| 19:32 | Construir | Farm |
| 19:36 | Construir | Farm |
| 19:39 | Crear | Battering Ram |
| 19:56 | Construir | Mining Camp |
| 20:04 | Crear | Villager (Male) |
| 20:04 | Crear | Villager (Male) |
| 20:04 | Crear | Villager (Male) |
| 20:04 | Crear | Villager (Male) |
| 20:04 | Crear | Villager (Male) |
| 20:11 | Crear | Battering Ram |
| 20:34 | Crear | Villager (Male) |
| 20:34 | Crear | Villager (Male) |
| 20:34 | Crear | Villager (Male) |
| 20:52 | Construir | House |
| 20:53 | Construir | House |
| 21:03 | Construir | Lumber Camp |
| 21:12 | Construir | House |
| 21:14 | Construir | House |
| 21:50 | Construir | House |
| 21:51 | Construir | House |
| 21:52 | Construir | House |
| 21:53 | Construir | House |
| 21:54 | Construir | House |
| 21:55 | Construir | House |
| 21:57 | Construir | House |
| 21:58 | Construir | House |
| 22:10 | Crear | Battering Ram |
| 22:25 | Construir | Lumber Camp |
| 22:33 | Crear | Villager (Male) |
| 22:33 | Crear | Villager (Male) |
| 22:33 | Crear | Villager (Male) |
| 22:34 | Crear | Villager (Male) |
| 22:34 | Crear | Villager (Male) |
| 22:34 | Crear | Villager (Male) |
| 22:34 | Crear | Villager (Male) |
| 23:15 | Construir | Barracks |
| 23:22 | Investigar | Scale Barding Armor |
| 23:35 | Construir | Market |
| 24:11 | Investigar | Double-Bit Axe |
| 24:24 | Crear | Villager (Male) |
| 24:24 | Crear | Villager (Male) |
| 24:25 | Investigar | Town Watch |
| 24:26 | Crear | Villager (Male) |
| 24:27 | Crear | Villager (Male) |
| 24:27 | Crear | Villager (Male) |
| 24:37 | Construir | Mining Camp |
| 24:43 | Construir | Archery Range |
| 24:47 | Construir | Stable |
Build order — Mr:YOX
Primeras 150 de 607 acciones detectadas
| 0:04 | Crear | Villager (Male) |
| 0:06 | Investigar | Loom |
| 0:14 | Construir | House |
| 0:17 | Construir | House |
| 0:41 | Crear | Villager (Male) |
| 0:42 | Crear | Villager (Male) |
| 0:42 | Crear | Villager (Male) |
| 2:14 | Construir | Palisade Wall |
| 2:44 | Crear | Villager (Male) |
| 3:36 | Construir | Palisade Wall |
| 3:41 | Crear | Villager (Male) |
| 4:17 | Construir | House |
| 4:18 | Construir | House |
| 4:42 | Crear | Villager (Male) |
| 5:07 | Crear | Villager (Male) |
| 5:22 | Crear | Villager (Male) |
| 6:04 | Crear | Villager (Male) |
| 6:05 | Crear | Villager (Male) |
| 7:06 | Construir | Settlement |
| 7:17 | Crear | Villager (Male) |
| 7:36 | Crear | Villager (Male) |
| 8:05 | Crear | Villager (Male) |
| 8:06 | Crear | Villager (Male) |
| 9:01 | Crear | Villager (Male) |
| 9:02 | Crear | Villager (Male) |
| 9:18 | Crear | Villager (Male) |
| 9:19 | Crear | Villager (Male) |
| 9:36 | Construir | Settlement |
| 10:11 | Crear | Villager (Male) |
| 11:09 | Construir | Settlement |
| 11:17 | Crear | Villager (Male) |
| 11:17 | Crear | Villager (Male) |
| 12:49 | Investigar | Feudal Age |
| 13:13 | Construir | Settlement |
| 13:37 | Construir | House |
| 13:38 | Construir | House |
| 13:42 | Construir | House |
| 13:44 | Construir | House |
| 14:59 | Edad | Edad Feudal |
| 15:03 | Investigar | Wheelbarrow |
| 15:28 | Construir | Stone Wall |
| 15:36 | Crear | Villager (Male) |
| 15:36 | Crear | Villager (Male) |
| 15:36 | Crear | Villager (Male) |
| 16:27 | Construir | Building 487 |
| 16:52 | Construir | Settlement |
| 17:07 | Construir | Watch Tower |
| 17:26 | Crear | Villager (Male) |
| 17:26 | Crear | Villager (Male) |
| 17:26 | Crear | Villager (Male) |
| 17:59 | Construir | Market |
| 18:05 | Construir | Blacksmith |
| 18:27 | Crear | Villager (Male) |
| 18:27 | Crear | Villager (Male) |
| 19:37 | Crear | Villager (Male) |
| 19:40 | Construir | Farm |
| 19:41 | Construir | Farm |
| 19:42 | Construir | Farm |
| 19:44 | Construir | House |
| 19:50 | Construir | Farm |
| 19:52 | Construir | Farm |
| 19:54 | Construir | Farm |
| 19:56 | Construir | Farm |
| 19:59 | Construir | Farm |
| 20:45 | Investigar | Castle Age |
| 20:55 | Construir | House |
| 20:57 | Construir | House |
| 21:13 | Investigar | Double-Bit Axe |
| 21:18 | Investigar | Horse Collar |
| 21:27 | Construir | House |
| 21:29 | Construir | House |
| 21:43 | Investigar | Stone Mining |
| 22:02 | Construir | House |
| 22:17 | Investigar | Gold Mining |
| 22:42 | Investigar | Fletching |
| 23:04 | Crear | Villager (Male) |
| 23:05 | Crear | Villager (Male) |
| 23:05 | Crear | Villager (Male) |
| 23:05 | Crear | Villager (Male) |
| 23:14 | Crear | Villager (Male) |
| 23:25 | Edad | Edad de los Castillos |
| 23:32 | Construir | Town Center |
| 24:02 | Construir | Farm |
| 24:04 | Construir | Farm |
| 24:09 | Construir | Farm |
| 24:12 | Construir | Farm |
| 24:15 | Construir | Farm |
| 24:16 | Construir | Farm |
| 24:57 | Construir | Town Center |
| 25:07 | Crear | Villager (Male) |
| 25:08 | Crear | Villager (Male) |
| 25:08 | Crear | Villager (Male) |
| 25:08 | Crear | Villager (Male) |
| 25:08 | Crear | Villager (Male) |
| 25:10 | Crear | Villager (Male) |
| 26:20 | Investigar | Bodkin Arrow |
| 26:30 | Crear | Villager (Male) |
| 26:30 | Crear | Villager (Male) |
| 26:31 | Crear | Villager (Male) |
| 26:31 | Crear | Villager (Male) |
| 26:31 | Crear | Villager (Male) |
| 26:33 | Crear | Villager (Male) |
| 26:41 | Crear | Villager (Male) |
| 26:41 | Crear | Villager (Male) |
| 26:41 | Crear | Villager (Male) |
| 26:54 | Construir | Barracks |
| 26:57 | Construir | Barracks |
| 27:02 | Construir | Barracks |
| 27:12 | Investigar | Forging |
| 27:42 | Investigar | Tech 1402 |
| 27:51 | Construir | Farm |
| 27:57 | Construir | Farm |
| 28:01 | Construir | Farm |
| 28:13 | Investigar | Scale Mail Armor |
| 28:21 | Construir | Barracks |
| 28:26 | Crear | Unit 2550 |
| 28:26 | Crear | Unit 2550 |
| 28:26 | Crear | Unit 2550 |
| 28:51 | Construir | University |
| 29:09 | Crear | Unit 2550 |
| 29:09 | Crear | Unit 2550 |
| 29:09 | Crear | Unit 2550 |
| 29:10 | Crear | Unit 2550 |
| 29:13 | Crear | Unit 2550 |
| 29:14 | Crear | Unit 2550 |
| 29:15 | Crear | Unit 2550 |
| 29:29 | Crear | Unit 2550 |
| 29:49 | Construir | Farm |
| 29:51 | Construir | Farm |
| 29:53 | Construir | Farm |
| 29:54 | Construir | Farm |
| 29:56 | Construir | Farm |
| 30:00 | Investigar | Chain Mail Armor |
| 30:45 | Investigar | Iron Casting |
| 31:03 | Crear | Villager (Male) |
| 31:03 | Crear | Villager (Male) |
| 31:03 | Crear | Villager (Male) |
| 31:15 | Crear | Villager (Male) |
| 31:16 | Crear | Villager (Male) |
| 31:16 | Crear | Villager (Male) |
| 31:56 | Crear | Villager (Male) |
| 31:57 | Crear | Villager (Male) |
| 31:57 | Crear | Villager (Male) |
| 32:02 | Crear | Villager (Male) |
| 32:02 | Crear | Villager (Male) |
| 32:02 | Crear | Villager (Male) |
| 32:21 | Construir | Castle |
| 33:04 | Crear | Villager (Male) |
| 33:05 | Crear | Villager (Male) |
| 33:05 | Crear | Villager (Male) |
Build order — Sandra
Primeras 150 de 516 acciones detectadas
| 0:56 | Construir | House |
| 0:58 | Construir | House |
| 0:59 | Construir | House |
| 1:00 | Construir | House |
| 2:35 | Crear | Villager (Male) |
| 2:38 | Crear | Villager (Male) |
| 3:30 | Crear | Villager (Male) |
| 3:46 | Crear | Villager (Male) |
| 4:06 | Crear | Villager (Male) |
| 4:35 | Crear | Villager (Male) |
| 4:58 | Crear | Villager (Male) |
| 6:48 | Crear | Villager (Male) |
| 6:48 | Crear | Villager (Male) |
| 6:48 | Crear | Villager (Male) |
| 6:49 | Crear | Villager (Male) |
| 6:49 | Crear | Villager (Male) |
| 7:29 | Construir | Mill |
| 9:49 | Crear | Villager (Male) |
| 10:33 | Crear | Villager (Male) |
| 10:34 | Crear | Villager (Male) |
| 10:56 | Construir | Lumber Camp |
| 11:07 | Construir | Mining Camp |
| 11:33 | Crear | Villager (Male) |
| 11:33 | Crear | Villager (Male) |
| 11:49 | Investigar | Feudal Age |
| 12:33 | Construir | Mining Camp |
| 14:33 | Edad | Edad Feudal |
| 14:36 | Crear | Villager (Male) |
| 14:37 | Crear | Villager (Male) |
| 14:38 | Crear | Villager (Male) |
| 14:43 | Investigar | Wheelbarrow |
| 14:45 | Crear | Villager (Male) |
| 14:46 | Crear | Villager (Male) |
| 14:46 | Crear | Villager (Male) |
| 14:47 | Crear | Villager (Male) |
| 14:48 | Crear | Villager (Male) |
| 17:18 | Construir | Blacksmith |
| 17:34 | Construir | House |
| 17:36 | Construir | House |
| 17:38 | Construir | House |
| 17:55 | Construir | Market |
| 19:09 | Construir | Farm |
| 19:11 | Construir | Farm |
| 19:13 | Construir | Farm |
| 19:15 | Construir | Farm |
| 21:43 | Investigar | Castle Age |
| 22:06 | Construir | Barracks |
| 23:28 | Construir | House |
| 23:31 | Construir | House |
| 24:23 | Edad | Edad de los Castillos |
| 24:29 | Crear | Villager (Male) |
| 24:30 | Crear | Villager (Male) |
| 24:30 | Crear | Villager (Male) |
| 24:30 | Crear | Villager (Male) |
| 24:31 | Crear | Villager (Male) |
| 24:49 | Construir | Town Center |
| 24:59 | Construir | Farm |
| 25:25 | Construir | Farm |
| 25:50 | Construir | Farm |
| 26:16 | Construir | Farm |
| 26:20 | Crear | Villager (Male) |
| 26:21 | Crear | Villager (Male) |
| 26:21 | Crear | Villager (Male) |
| 26:21 | Crear | Villager (Male) |
| 26:48 | Construir | University |
| 26:58 | Construir | Farm |
| 27:04 | Construir | Farm |
| 27:22 | Construir | Castle |
| 27:31 | Construir | Farm |
| 27:57 | Construir | Farm |
| 28:21 | Construir | Castle |
| 28:27 | Crear | Villager (Male) |
| 28:27 | Crear | Villager (Male) |
| 28:28 | Crear | Villager (Male) |
| 28:28 | Crear | Villager (Male) |
| 28:28 | Crear | Villager (Male) |
| 28:29 | Crear | Villager (Male) |
| 28:29 | Crear | Villager (Male) |
| 28:29 | Crear | Villager (Male) |
| 28:34 | Construir | Farm |
| 29:06 | Construir | Farm |
| 29:28 | Construir | Farm |
| 29:50 | Construir | Farm |
| 29:59 | Construir | Farm |
| 30:04 | Crear | Chu Ko Nu |
| 30:04 | Crear | Chu Ko Nu |
| 30:05 | Crear | Chu Ko Nu |
| 30:05 | Crear | Chu Ko Nu |
| 30:05 | Crear | Chu Ko Nu |
| 30:06 | Crear | Chu Ko Nu |
| 30:06 | Crear | Chu Ko Nu |
| 30:06 | Crear | Chu Ko Nu |
| 30:06 | Crear | Chu Ko Nu |
| 30:07 | Crear | Chu Ko Nu |
| 30:07 | Crear | Chu Ko Nu |
| 30:07 | Crear | Chu Ko Nu |
| 30:08 | Crear | Chu Ko Nu |
| 30:08 | Crear | Chu Ko Nu |
| 30:08 | Crear | Chu Ko Nu |
| 30:18 | Investigar | Padded Archer Armor |
| 30:19 | Investigar | Fletching |
| 30:32 | Investigar | Ballistics |
| 31:04 | Crear | Villager (Male) |
| 31:04 | Crear | Villager (Male) |
| 31:04 | Crear | Villager (Male) |
| 31:05 | Crear | Villager (Male) |
| 31:05 | Crear | Villager (Male) |
| 31:05 | Crear | Villager (Male) |
| 31:06 | Crear | Villager (Male) |
| 31:06 | Crear | Villager (Male) |
| 31:06 | Crear | Villager (Male) |
| 31:07 | Crear | Villager (Male) |
| 31:07 | Crear | Villager (Male) |
| 31:08 | Crear | Villager (Male) |
| 31:24 | Construir | House |
| 31:26 | Construir | House |
| 31:28 | Construir | House |
| 31:56 | Construir | Monastery |
| 32:12 | Construir | Farm |
| 32:29 | Construir | Farm |
| 33:06 | Construir | Farm |
| 33:15 | Construir | Farm |
| 33:52 | Construir | Archery Range |
| 34:00 | Construir | Farm |
| 34:06 | Investigar | Imperial Age |
| 34:13 | Construir | Farm |
| 34:22 | Construir | Town Center |
| 34:46 | Crear | Monk |
| 35:05 | Crear | Villager (Male) |
| 35:05 | Crear | Villager (Male) |
| 35:06 | Crear | Villager (Male) |
| 35:06 | Crear | Villager (Male) |
| 35:06 | Crear | Villager (Male) |
| 35:39 | Construir | Mining Camp |
| 36:12 | Crear | Villager (Male) |
| 36:12 | Crear | Villager (Male) |
| 36:13 | Crear | Villager (Male) |
| 36:13 | Crear | Villager (Male) |
| 36:13 | Crear | Villager (Male) |
| 36:14 | Crear | Villager (Male) |
| 36:14 | Crear | Villager (Male) |
| 36:52 | Investigar | Thumb Ring |
| 37:16 | Edad | Edad Imperial |
| 37:55 | Construir | Mining Camp |
| 38:01 | Crear | Villager (Male) |
| 38:01 | Crear | Villager (Male) |
| 38:01 | Crear | Villager (Male) |
| 38:02 | Crear | Villager (Male) |
| 38:02 | Crear | Villager (Male) |
| 38:08 | Investigar | Caravan |
Build order — pablo.robledoo
Primeras 150 de 369 acciones detectadas
| 0:05 | Construir | House |
| 0:06 | Investigar | Loom |
| 0:07 | Crear | Villager (Male) ×4 |
| 1:38 | Construir | Palisade Wall |
| 2:45 | Construir | House |
| 3:37 | Construir | House |
| 3:48 | Crear | Villager (Male) |
| 3:48 | Crear | Villager (Male) |
| 3:48 | Crear | Villager (Male) |
| 4:23 | Crear | Villager (Male) |
| 4:37 | Construir | House |
| 4:52 | Construir | House |
| 4:54 | Construir | House |
| 5:08 | Construir | House |
| 5:52 | Crear | Villager (Male) |
| 5:53 | Crear | Villager (Male) |
| 5:53 | Crear | Villager (Male) |
| 7:44 | Crear | Villager (Male) |
| 7:45 | Crear | Villager (Male) |
| 8:54 | Crear | Villager (Male) |
| 8:54 | Crear | Villager (Male) |
| 8:54 | Crear | Villager (Male) |
| 8:54 | Crear | Villager (Male) |
| 8:56 | Crear | Villager (Male) |
| 8:57 | Crear | Villager (Male) |
| 10:12 | Construir | Mill |
| 10:16 | Construir | Mill |
| 10:40 | Crear | Villager (Male) |
| 10:40 | Crear | Villager (Male) |
| 10:40 | Crear | Villager (Male) |
| 10:41 | Crear | Villager (Male) |
| 10:42 | Crear | Villager (Male) |
| 10:42 | Crear | Villager (Male) |
| 10:47 | Crear | Villager (Male) |
| 11:33 | Construir | Lumber Camp |
| 12:07 | Construir | Mill |
| 12:46 | Construir | Mining Camp |
| 15:05 | Investigar | Feudal Age |
| 16:02 | Construir | Mining Camp |
| 17:15 | Edad | Edad Feudal |
| 18:16 | Investigar | Double-Bit Axe |
| 18:20 | Investigar | Horse Collar |
| 18:45 | Construir | Blacksmith |
| 19:02 | Construir | Market |
| 19:39 | Construir | Mining Camp |
| 20:00 | Construir | Stone Wall |
| 20:29 | Investigar | Castle Age |
| 21:50 | Construir | Building 665 |
| 22:03 | Construir | Stone Wall |
| 22:14 | Construir | Building 665 |
| 22:39 | Investigar | Fletching |
| 22:39 | Investigar | Scale Barding Armor |
| 22:40 | Investigar | Forging |
| 23:09 | Edad | Edad de los Castillos |
| 23:15 | Construir | Farm |
| 23:16 | Construir | Farm |
| 23:17 | Construir | Farm |
| 23:19 | Construir | Farm |
| 23:20 | Construir | Farm |
| 23:21 | Construir | Farm |
| 23:22 | Construir | Farm |
| 23:23 | Construir | Farm |
| 23:29 | Construir | Farm |
| 23:30 | Construir | Farm |
| 23:32 | Construir | Farm |
| 23:34 | Construir | Farm |
| 23:43 | Construir | Castle |
| 24:26 | Construir | Town Center |
| 24:38 | Construir | Town Center |
| 24:58 | Construir | Town Center |
| 25:51 | Construir | Barracks |
| 25:53 | Construir | Barracks |
| 25:57 | Construir | Barracks |
| 26:28 | Investigar | Gold Mining |
| 26:29 | Investigar | Stone Mining |
| 26:36 | Crear | Villager (Male) ×5 |
| 27:02 | Crear | Villager (Male) |
| 27:25 | Construir | University |
| 27:49 | Investigar | Wheelbarrow |
| 28:07 | Construir | Farm |
| 28:09 | Construir | Farm |
| 28:10 | Construir | Farm |
| 28:13 | Construir | Farm |
| 28:16 | Construir | Farm |
| 28:21 | Construir | Farm |
| 28:23 | Construir | Farm |
| 28:24 | Construir | Farm |
| 28:29 | Construir | Farm |
| 28:43 | Crear | Villager (Male) ×3 |
| 28:57 | Investigar | Gambesons |
| 28:59 | Crear | Spearman ×2 |
| 29:10 | Construir | Farm |
| 29:12 | Construir | Farm |
| 29:30 | Investigar | Pikeman (upgrade) |
| 29:43 | Crear | Villager (Male) |
| 29:48 | Construir | Farm |
| 29:49 | Construir | Farm |
| 29:51 | Construir | Farm |
| 29:52 | Construir | Farm |
| 30:01 | Crear | Villager (Male) ×2 |
| 30:14 | Crear | Spearman ×4 |
| 30:41 | Investigar | Man-at-Arms (upgrade) |
| 30:54 | Crear | Villager (Male) ×4 |
| 31:21 | Investigar | Hand Cart |
| 31:36 | Construir | Farm |
| 31:42 | Construir | Farm |
| 31:46 | Construir | Farm |
| 31:51 | Construir | Farm |
| 31:53 | Construir | Farm |
| 32:00 | Crear | Villager (Male) ×5 |
| 32:01 | Crear | Villager (Male) ×2 |
| 32:12 | Investigar | Scale Mail Armor |
| 32:35 | Investigar | Heavy Plow |
| 32:44 | Construir | Farm |
| 32:51 | Crear | Villager (Male) ×5 |
| 34:14 | Crear | Villager (Male) ×5 |
| 34:20 | Construir | House |
| 34:23 | Construir | House |
| 34:39 | Construir | Market |
| 34:41 | Construir | Market |
| 34:56 | Construir | House |
| 34:57 | Construir | House |
| 34:59 | Construir | House |
| 35:00 | Construir | House |
| 35:01 | Construir | House |
| 35:02 | Construir | House |
| 35:04 | Construir | House |
| 35:07 | Construir | House |
| 35:09 | Construir | House |
| 35:11 | Construir | House |
| 35:13 | Construir | House |
| 35:14 | Construir | House |
| 35:15 | Construir | House |
| 35:20 | Investigar | Imperial Age |
| 35:27 | Crear | Villager (Male) ×5 |
| 35:28 | Crear | Villager (Male) ×5 |
| 35:30 | Crear | Villager (Male) ×4 |
| 35:47 | Investigar | Long Swordsman (upgrade) |
| 36:03 | Investigar | Fortified Wall (upgrade) |
| 36:04 | Investigar | Ballistics |
| 36:36 | Investigar | Caravan |
| 37:05 | Construir | Stone Wall |
| 37:12 | Construir | Building 665 |
| 37:24 | Investigar | Murder Holes |
| 37:34 | Construir | Mining Camp |
| 37:38 | Crear | Trade Cart ×5 |
| 38:30 | Edad | Edad Imperial |
| 38:31 | Investigar | Bodkin Arrow |
| 38:31 | Investigar | Padded Archer Armor |
| 38:49 | Construir | Stone Wall |
Build order — aRiPeiCh
Primeras 150 de 825 acciones detectadas
| 0:03 | Crear | Villager (Male) |
| 0:03 | Investigar | Loom |
| 0:04 | Crear | Villager (Male) |
| 0:04 | Crear | Villager (Male) |
| 0:04 | Crear | Villager (Male) |
| 0:05 | Crear | Villager (Male) |
| 0:05 | Crear | Villager (Male) |
| 0:05 | Crear | Villager (Male) |
| 0:14 | Construir | House |
| 0:16 | Construir | House |
| 0:18 | Construir | House |
| 0:19 | Construir | House |
| 0:20 | Construir | House |
| 0:41 | Construir | Palisade Gate |
| 0:47 | Construir | Palisade Wall |
| 2:20 | Construir | House |
| 2:39 | Construir | Palisade Gate |
| 2:46 | Construir | Palisade Wall |
| 2:50 | Construir | Palisade Wall |
| 3:24 | Crear | Villager (Male) |
| 3:53 | Crear | Villager (Male) |
| 4:27 | Crear | Villager (Male) |
| 4:28 | Crear | Villager (Male) |
| 5:03 | Crear | Villager (Male) |
| 5:55 | Crear | Villager (Male) |
| 5:55 | Crear | Villager (Male) |
| 6:21 | Crear | Villager (Male) |
| 6:22 | Crear | Villager (Male) |
| 6:34 | Construir | Lumber Camp |
| 6:58 | Crear | Villager (Male) |
| 6:59 | Crear | Villager (Male) |
| 7:33 | Crear | Villager (Male) |
| 7:42 | Crear | Villager (Male) |
| 8:21 | Crear | Villager (Male) |
| 8:40 | Construir | Mill |
| 8:49 | Crear | Villager (Male) |
| 8:52 | Crear | Villager (Male) |
| 9:18 | Construir | Farm |
| 9:40 | Construir | Farm |
| 9:54 | Crear | Villager (Male) |
| 9:56 | Crear | Villager (Male) |
| 10:07 | Construir | Farm |
| 10:12 | Crear | Villager (Male) |
| 10:28 | Construir | Farm |
| 11:08 | Construir | Barracks |
| 11:32 | Construir | Mining Camp |
| 12:02 | Investigar | Feudal Age |
| 12:16 | Construir | Mining Camp |
| 12:49 | Construir | Lumber Camp |
| 12:55 | Crear | Villager (Male) |
| 12:55 | Crear | Villager (Male) |
| 12:57 | Crear | Villager (Male) |
| 13:22 | Crear | Villager (Male) |
| 13:22 | Crear | Villager (Male) |
| 13:59 | Construir | House |
| 14:00 | Construir | House |
| 14:01 | Construir | House |
| 14:02 | Construir | House |
| 14:06 | Edad | Edad Feudal |
| 14:26 | Investigar | Double-Bit Axe |
| 14:39 | Investigar | Wheelbarrow |
| 14:40 | Investigar | Town Watch |
| 14:53 | Crear | Villager (Male) |
| 14:53 | Crear | Villager (Male) |
| 15:29 | Construir | Building 487 |
| 15:37 | Construir | Stone Wall |
| 15:39 | Construir | Stone Wall |
| 15:54 | Construir | Archery Range |
| 16:02 | Investigar | Gold Mining |
| 16:11 | Construir | Farm |
| 16:16 | Crear | Villager (Male) |
| 16:32 | Investigar | Stone Mining |
| 16:55 | Investigar | Arson |
| 17:20 | Construir | Building 487 |
| 17:25 | Construir | Stone Wall |
| 17:27 | Construir | Stone Wall |
| 17:42 | Crear | Villager (Male) |
| 18:02 | Construir | Market |
| 18:25 | Construir | Farm |
| 18:26 | Construir | Farm |
| 18:36 | Construir | Farm |
| 18:39 | Construir | Farm |
| 18:48 | Construir | Farm |
| 18:53 | Crear | Villager (Male) |
| 18:53 | Crear | Villager (Male) |
| 19:03 | Construir | Farm |
| 19:10 | Construir | Blacksmith |
| 19:18 | Crear | Villager (Male) |
| 19:29 | Construir | Archery Range |
| 19:39 | Construir | Farm |
| 19:46 | Construir | Farm |
| 19:58 | Construir | Farm |
| 20:01 | Crear | Villager (Male) |
| 20:01 | Crear | Villager (Male) |
| 20:20 | Construir | Farm |
| 20:51 | Construir | House |
| 20:54 | Construir | House |
| 20:55 | Construir | House |
| 21:06 | Construir | Building 487 |
| 21:18 | Construir | Stone Wall |
| 21:29 | Investigar | Castle Age |
| 21:51 | Crear | Trade Cart |
| 21:53 | Crear | Trade Cart |
| 21:53 | Crear | Trade Cart |
| 22:10 | Investigar | Padded Archer Armor |
| 22:12 | Investigar | Fletching |
| 22:21 | Construir | Farm |
| 22:22 | Construir | Farm |
| 22:29 | Construir | Farm |
| 22:37 | Construir | Farm |
| 22:47 | Investigar | Forging |
| 22:50 | Crear | Villager (Male) |
| 22:50 | Crear | Villager (Male) |
| 23:08 | Crear | Villager (Male) |
| 23:13 | Crear | Archer |
| 23:13 | Crear | Archer |
| 23:15 | Crear | Archer |
| 23:16 | Crear | Archer |
| 23:55 | Edad | Edad de los Castillos |
| 24:00 | Construir | Mining Camp |
| 24:07 | Construir | Castle |
| 24:11 | Investigar | Gold Shaft Mining |
| 24:12 | Investigar | Stone Shaft Mining |
| 24:19 | Crear | Villager (Male) |
| 24:29 | Construir | Town Center |
| 24:38 | Investigar | Bow Saw |
| 24:46 | Crear | Villager (Male) |
| 24:57 | Crear | Trade Cart |
| 25:13 | Construir | Farm |
| 25:18 | Investigar | Horse Collar |
| 25:21 | Crear | Villager (Male) |
| 25:21 | Crear | Villager (Male) |
| 25:29 | Crear | Villager (Male) |
| 25:45 | Crear | Villager (Male) |
| 26:10 | Investigar | Crossbowman (upgrade) |
| 26:20 | Construir | Farm |
| 26:23 | Crear | Villager (Male) |
| 26:33 | Construir | House |
| 26:35 | Construir | House |
| 26:35 | Construir | House |
| 26:36 | Construir | House |
| 26:38 | Construir | House |
| 26:39 | Construir | House |
| 26:46 | Crear | Villager (Male) |
| 26:55 | Construir | Farm |
| 26:58 | Crear | Villager (Male) |
| 27:04 | Investigar | Caravan |
| 27:25 | Construir | Archery Range |
| 27:27 | Construir | Archery Range |
| 27:28 | Construir | Archery Range |
Cronología de la partida
| 0:14 | ♰ O K A N · wall_segment Palisade Wall x10 |
| 0:47 | aRiPeiCh · wall_segment Palisade Wall x9 |
| 1:38 | pablo.robledoo · wall_segment Palisade Wall x9 |
| 2:14 | Mr:YOX · wall_segment Palisade Wall x10 |
| 2:46 | aRiPeiCh · wall_segment Palisade Wall x1 |
| 2:50 | aRiPeiCh · wall_segment Palisade Wall x8 |
| 3:36 | Mr:YOX · wall_segment Palisade Wall x1 |
| 3:43 | ♰ O K A N · wall_segment Palisade Wall x5 |
| 11:08 | aRiPeiCh · first_building Barracks |
| 14:06 | aRiPeiCh · age_up feudal |
| 14:31 | ♰ O K A N · age_up feudal |
| 14:33 | Sandra · age_up feudal |
| 14:59 | Mr:YOX · age_up feudal |
| 15:16 | RonCuro · age_up feudal |
| 15:28 | Mr:YOX · wall_segment Stone Wall x11 |
| 15:37 | aRiPeiCh · wall_segment Stone Wall x3 |
| 15:39 | aRiPeiCh · wall_segment Stone Wall x12 |
| 15:54 | aRiPeiCh · first_building Archery Range |
| 17:15 | pablo.robledoo · age_up feudal |
| 17:25 | aRiPeiCh · wall_segment Stone Wall x3 |
| 17:27 | aRiPeiCh · wall_segment Stone Wall x10 |
| 18:40 | ♰ O K A N · first_building Barracks |
| 18:44 | RonCuro · first_building Siege Workshop |
| 20:00 | pablo.robledoo · wall_segment Stone Wall x12 |
| 21:10 | ♰ O K A N · wall_segment Stone Wall x7 |
| 21:18 | aRiPeiCh · wall_segment Stone Wall x1 |
| 21:47 | ♰ O K A N · age_up castle |
| 22:03 | pablo.robledoo · wall_segment Stone Wall x13 |
| 22:06 | Sandra · first_building Barracks |
| 23:09 | pablo.robledoo · age_up castle |
| 23:15 | RonCuro · first_building Barracks |
| 23:25 | Mr:YOX · age_up castle |
| 23:43 | pablo.robledoo · first_building Castle |
| 23:48 | ♰ O K A N · first_market_sell 100 food |
| 23:49 | ♰ O K A N · first_market_buy 100 wood |
| 23:55 | aRiPeiCh · age_up castle |
| 24:07 | aRiPeiCh · first_building Castle |
| 24:23 | Sandra · age_up castle |
| 24:43 | RonCuro · first_building Archery Range |
| 24:47 | RonCuro · first_building Stable |
| 25:51 | pablo.robledoo · first_building Barracks |
| 26:21 | ♰ O K A N · first_building Stable |
| 26:54 | Mr:YOX · first_building Barracks |
| 27:21 | ♰ O K A N · first_building Castle |
| 27:22 | Sandra · first_building Castle |
| 30:08 | ♰ O K A N · first_building Siege Workshop |
| 31:56 | Sandra · first_building Monastery |
| 32:21 | Mr:YOX · first_building Castle |
| 33:52 | Sandra · first_building Archery Range |
| 35:27 | aRiPeiCh · first_building Stable |
| 35:45 | Mr:YOX · first_building Monastery |
| 35:48 | ♰ O K A N · age_up imperial |
| 37:05 | pablo.robledoo · wall_segment Stone Wall x14 |
| 37:07 | RonCuro · age_up castle |
| 37:16 | Sandra · age_up imperial |
| 37:21 | RonCuro · first_building Monastery |
| 38:30 | pablo.robledoo · age_up imperial |
| 38:34 | Mr:YOX · wall_segment Stone Wall x8 |
| 38:49 | pablo.robledoo · wall_segment Stone Wall x11 |
| 39:05 | aRiPeiCh · first_building Siege Workshop |
| 39:25 | Sandra · first_building Siege Workshop |
| 39:26 | pablo.robledoo · first_building Archery Range |
| 39:27 | RonCuro · first_building Castle |
| 39:31 | aRiPeiCh · age_up imperial |
| 39:35 | pablo.robledoo · first_building Stable |
| 39:41 | Mr:YOX · age_up imperial |
| 43:58 | pablo.robledoo · wall_segment Stone Wall x16 |
| 48:54 | pablo.robledoo · first_building Monastery |
| 50:20 | RonCuro · age_up imperial |
| 50:40 | pablo.robledoo · first_market_sell 500 wood |
| 51:50 | Sandra · first_market_sell 100 food |
| 54:08 | pablo.robledoo · wall_segment Stone Wall x12 |
| 54:13 | pablo.robledoo · wall_segment Stone Wall x8 |
| 54:29 | ♰ O K A N · resign |
| 58:07 | RonCuro · first_market_sell 100 wood |
| 68:22 | Mr:YOX · first_market_sell 100 food |
| 74:34 | pablo.robledoo · wall_segment Stone Wall x12 |
[ ANÁLISIS IA · 1 CRÉDITO ]
¿Qué pasó realmente en esta partida?
Wolo.gg analiza cada decisión: build order, eco, micro, errores típicos por bracket. Análisis personalizado por WhatsApp o Discord en 30 segundos.
Guía civ
Bengalíes
Guía mapa
Black Forest
Perfil
O K A N